AoeStats
← SDTopher

Black Forest

510418247Analyzed
3v3 RM · 3d ago on Sep 30, 2026· 71m 52s· 6 players
Game mode
Random Map
Map size
Normal (6 player)
Population
200
Speed
Normal
Resources
Standard
Victory
Conquest
Starting age
Dark Age
Ending age
Imperial Age
RankedLock teamsTeams togetherTeam positionsShared explorationLock speedFull tech treeHidden civsTurbo modeCheats
Victory
Defeat
🇨🇱 Mongols · Chile
1004
+17
🇨🇴 Spanish · Colombia
998
+17
🇨🇱 Inca · Chile
967
+19
🇺🇸 Lithuanians · United States
1099
-20
🇺🇸 Bohemians · United States
1003
-17
🇺🇸 Celts · United States
981
-16
juansrv
2:58 Loom
11:06 Feudal Age
11:37 Double-Bit Axe
18:27 Castle Age
17:37 Wheelbarrow
17:43 Gold Mining
26:10 Hand Cart
25:48 Horse Collar
26:34 Bow Saw
26:29 Heavy Plow
29:15 Caravan
32:20 Imperial Age
30:54 Scale Barding Armor
31:00 Forging
30:40 Fletching
31:14 Ballistics
30:51 Murder Holes
32:55 Chain Barding Armor
33:10 Iron Casting
32:36 Padded Archer Armor
32:39 Scale Mail Armor
33:31 Bloodlines
33:21 Husbandry
32:42 Cavalier
32:46 Elite Skirmisher
33:31 Thumb Ring
34:51 Plate Barding Armor
34:13 Bodkin Arrow
35:21 Chemistry
36:22 Blast Furnace
37:43 Leather Archer Armor
37:43 Chain Mail Armor
36:54 Paladin
38:25 Conscription
41:49 Light Cavalry
44:33 Pikeman
45:24 Halberdier
45:49 Gambesons
46:04 Squires
47:46 Hussar
51:24 Onager
El Destungador
1:34 Loom
12:33 Feudal Age
13:19 Horse Collar
13:24 Double-Bit Axe
19:48 Castle Age
18:13 Gold Mining
18:13 Stone Mining
18:22 Stone Mining
18:45 Scale Mail Armor
19:32 Forging
20:41 Wheelbarrow
20:50 Heavy Plow
21:17 Bow Saw
22:00 Heavy Plow
28:57 Imperial Age
28:24 Chain Mail Armor
28:46 Iron Casting
28:50 Gold Shaft Mining
29:00 Stone Shaft Mining
28:36 Squires
28:32 Arson
29:35 Hand Cart
30:49 Crop Rotation
31:03 Elite Kamayuk
31:55 Caravan
32:46 Conscription
34:01 Plate Mail Armor
34:31 Blast Furnace
33:35 Fabric Shields
33:56 Fortified Wall
38:38 Chemistry
37:44 Siege Engineers
39:43 Padded Archer Armor
39:34 Fletching
40:50 Bodkin Arrow
41:11 Leather Archer Armor
43:58 Elite Skirmisher
50:04 Andean Sling
57:46 Bracer
58:17 Ring Archer Armor
58:25 Ring Archer Armor
63:30 Thumb Ring
64:00 Ballistics
canaed
0:30 Loom
12:53 Feudal Age
17:21 Castle Age
16:04 Double-Bit Axe
19:35 Bow Saw
20:22 Horse Collar
24:19 Stone Mining
26:57 Heavy Plow
27:26 Gold Mining
28:28 Wheelbarrow
33:19 Imperial Age
31:20 Fletching
31:33 Padded Archer Armor
32:35 Gold Shaft Mining
32:19 Bodkin Arrow
33:04 Hand Cart
34:14 Bracer
35:32 Leather Archer Armor
36:19 Chemistry
35:40 Ballistics
36:24 Hoardings
36:54 Fortified Wall
36:53 Siege Engineers
36:43 Town Watch
37:17 Bloodlines
37:08 Husbandry
37:17 Elite Mangudai
38:44 Conscription
38:48 Onager
39:56 Town Patrol
40:05 Scale Barding Armor
40:47 Drill
41:13 Siege Onager
43:23 Fortified Wall
43:21 Scale Barding Armor
43:26 Forging
42:41 Light Cavalry
43:34 Hussar
44:43 Capped Ram
45:57 Siege Ram
56:51 Chain Barding Armor
57:07 Iron Casting
63:39 Caravan
66:24 Heavy Scorpion
69:27 Blast Furnace
Koala
12:16 Feudal Age
17:53 Castle Age
16:10 Double-Bit Axe
16:36 Horse Collar
22:14 Heavy Plow
26:52 Wheelbarrow
26:40 Bow Saw
29:53 Hand Cart
32:39 Imperial Age
30:36 Town Watch
31:26 Town Patrol
31:46 Gold Mining
32:49 Fletching
32:59 Padded Archer Armor
32:24 Elite Skirmisher
34:26 Conscription
33:30 Heavy Scorpion
34:57 Ballistics
36:19 Caravan
36:50 Coinage
36:31 Guilds
37:04 Bodkin Arrow
37:25 Leather Archer Armor
37:26 Furor Celtica
38:54 Gambesons
38:31 Pikeman
39:27 Elite Woad Raider
41:07 Ring Archer Armor
40:18 Halberdier
41:21 Scale Mail Armor
41:33 Forging
44:25 Chain Mail Armor
51:40 Plate Mail Armor
51:45 Iron Casting
56:49 Banking
62:39 Blast Furnace
64:56 Man-at-Arms
67:03 Long Swordsman
69:27 Two-Handed Swordsman
Flaco
10:55 Feudal Age
14:54 Castle Age
13:04 Double-Bit Axe
13:10 Horse Collar
21:38 Bow Saw
22:59 Wheelbarrow
26:09 Forging
25:59 Scale Mail Armor
26:04 Scale Barding Armor
26:41 Hand Cart
27:11 Caravan
28:34 Loom
28:35 Town Watch
31:39 Imperial Age
30:16 Town Patrol
31:59 Heavy Plow
33:20 Two-Man Saw
31:41 Onager
32:18 Elite Hussite Wagon
33:19 Conscription
33:05 Hussite Reforms
34:57 Chemistry
34:17 Ballistics
34:03 Siege Engineers
34:06 Padded Archer Armor
33:59 Fletching
35:21 Houfnice
36:55 Block Printing
49:04 Leather Archer Armor
58:35 Ring Archer Armor
64:43 Pikeman
65:23 Squires
65:08 Arson
66:29 Murder Holes
66:44 Fortified Wall
66:56 Elite Skirmisher
66:56 Crossbowman
67:32 Bodkin Arrow
68:13 Iron Casting
67:53 Chain Mail Armor
67:58 Chain Barding Armor
67:32 Halberdier
71:26 Blast Furnace
70:56 Plate Mail Armor
SDTopher
7:17 Loom
9:34 Feudal Age
10:31 Double-Bit Axe
16:53 Castle Age
16:14 Wheelbarrow
21:55 Bow Saw
23:04 Hand Cart
26:29 Horse Collar
28:16 Scale Barding Armor
29:04 Town Watch
29:38 Bloodlines
29:28 Husbandry
30:58 Caravan
32:10 Chain Barding Armor
32:01 Forging
32:43 Sanctity
32:38 Redemption
32:46 Fervor
33:02 Gold Mining
36:29 Imperial Age
36:13 Town Patrol
36:39 Elite Leitis
37:44 Conscription
36:47 Elite Leitis
37:34 Cavalier
39:51 Plate Barding Armor
39:51 Iron Casting
39:51 Paladin
48:03 Elite Skirmisher
55:15 Light Cavalry
58:19 Fletching
58:29 Padded Archer Armor
59:47 Winged Hussar
69:26 Bodkin Arrow
69:46 Leather Archer Armor
Connection lost

Rejoining the realm…

Still unreachable

The connection could not be restored.

Session expired

The server has moved on; the page needs a fresh start.